 Dungeon Crawl Stone Soup version 0.30-a0-939-gc8157cb160 (webtiles) character file.

Game seed: 3957157046809998609

78 Lavandula the Insei (level 4, -1/48 HPs)
             Began as a Merfolk Transmuter on Mar 25, 2023.
             Slain by an adder (3 damage)
             ... on level 4 of the Dungeon.
             The game lasted 00:03:20 (1063 turns).

Lavandula the Insei (Merfolk Transmuter)            Turns: 1063, Time: 00:03:21

Health: -1/48      AC: 22    Str: 11 (12) XL:     4   Next: 36%
Magic:  7/7        EV:  2    Int: 11 (12) God:
Gold:   59         SH:  0    Dex: 12 (14) Spells: 4/7 levels left

rFire   . . .      SeeInvis .      - Unarmed
rCold   . . .      Faith    .    (no shield)
rNeg    . . .      Spirit   .    a - melded +0 robe
rPois   +          Reflect  .    (helmet currently unavailable)
rElec   .          Rampage  .    h - melded +1 cloak
rCorr   .          NoTele   +    (gloves currently unavailable)
Will    .....                    (boots currently unavailable)
Stlth   +                        (no amulet)
HPRegen 0.28/turn                k - +5 ring of evasion
MPRegen 0.10/turn                (no ring)

@: tree-form, weak-willed
A: stationary, stasis, torment immunity, boosted hp, (nimble swimmer 2),
(mertail)
a: no special abilities


You were on level 4 of the Dungeon.
You were a tree.
You visited 1 branch of the dungeon, and saw 4 of its levels.

You collected 59 gold pieces.

Inventory:

Armour
 a - a +0 robe (melded)
 h - a +1 cloak (melded)
Jewellery
 k - a +5 ring of evasion (left branch)
Scrolls
 d - 3 scrolls of identify {unknown}
 g - a scroll of enchant armour
Potions
 e - a potion of degeneration


   Skills:
 - Level 1.1 Fighting
 - Level 2.6 Dodging
 + Level 5.5 Unarmed Combat
 - Level 2.0 Spellcasting
 - Level 2.6 Transmutations


You had 4 spell levels left.
You knew the following spells:

 Your Spells              Type           Power      Damage    Failure   Level
a - Beastly Appendage     Tmut           14%        N/A       10%         1
b - Wereblood             Tmut           7%         N/A       14%         2

Your spell library contained the following spells:

 Spells                   Type           Power      Damage    Failure   Level
 Spider Form              Tmut/Pois      4%         N/A       45%         3
 Ice Form                 Ice/Tmut       4%         N/A       86%         4


Dungeon Overview and Level Annotations

Branches:
Dungeon (5/15)
 Temple: D:4-7

Altars:
Cheibriados

Annotations:
D:5 Menkaure


Innate Abilities, Weirdness & Mutations

You are a tree.
Your roots penetrate the ground, keeping you stationary.
You cannot be teleported.
You are immune to unholy pain and torment.
Your maximum health is greatly increased.
Your equipment is partially melded.
((You are very nimble when in or above water. (Stealth+, EV+, Speed+++)))
((Your lower body shifts to a powerful aquatic tail in water.))


Message History

Press: ? - help, v - describe, . - travel
Here: a jackal (blue smoke, weak-willed)
The floor.
You smack the sleepcap!
The sleepcap is moderately damaged.
The jackal bites you but does no damage. x2
The sleepcap releases spores at you but does no damage.
The jackal bites you but does no damage. x2
Unknown command.
You smack the sleepcap!
The sleepcap is severely damaged.
The jackal bites you but does no damage. x2
The sleepcap releases spores at you but does no damage.
Unknown command.
The adder hisses angrily.
You smack the sleepcap!
You destroy the sleepcap!
The jackal bites you but does no damage. x2
You feel your strength returning.
You have reached level 4!
You smack the jackal!
You kill the jackal!
The jackal bites you but does no damage.
Unknown command.
The jackal bites you.
* * * LOW HITPOINT WARNING * * *
The jackal bites you but does no damage.
You hit the adder.
The adder is lightly wounded.
The jackal bites you but does no damage.
The adder barely misses you.
You hit the adder.
The adder is heavily wounded.
The jackal bites you but does no damage.
The adder bites you but does no damage.
You closely miss the adder.
The adder is heavily wounded.
The jackal bites you but does no damage.
The adder bites you.
You die...

#...##..
#.....###
#........
#........
#.§......
#.§......
######§§.##.##.
#....§§§§§#....
#.>..h♣§§.#..##
#....§S§§......
#.............
#..........###.
#..............
#..............
######.#......#
#.#...#..#
#............#


You could see an adder and a jackal (weak-willed).

Vanquished Creatures
  A sleepcap (D:4)
  An iguana (D:4)
  2 ball pythons (D:1)
  An endoplasm (D:1)
  3 goblins (D:1)
  2 hobgoblins
  5 jackals
  3 bats (D:1)
  A frilled lizard (D:1)
  3 kobolds (D:1)
  3 rats (D:1)
25 creatures vanquished.

Notes
Turn   | Place    | Note
-------+----------+-------------------------------------------
     0 | D:1      | Lavandula the Merfolk Transmuter began the quest for the
                  | Orb.
     0 | D:1      | Reached XP level 1. HP: 15/15 MP: 3/3
   146 | D:1      | Reached XP level 2. HP: 21/21 MP: 3/5
   211 | D:1      | Reached skill level 4 in Unarmed Combat
   734 | D:2      | Learned a level 2 spell: Wereblood
   957 | D:2      | You fall into a shaft and drop 2 floors!
   963 | D:4      | Reached XP level 3. HP: 26/26 MP: 1/6
  1012 | D:4      | Found a snail-covered altar of Cheibriados.
  1029 | D:5      | Entered Level 5 of the Dungeon
  1029 | D:5      | Noticed a scorpion
  1037 | D:5      | Noticed Menkaure
  1054 | D:4      | HP: 1/39 [iguana (6)]
  1056 | D:4      | Reached skill level 5 in Unarmed Combat
  1059 | D:4      | Reached XP level 4. HP: 2/32 MP: 7/7
  1060 | D:4      | HP: 2/48 [jackal (1)]
  1063 | D:4      | Slain by an adder

Illustrated notes

Levels and vault maps discovered:
D:1:      ebering_trefoil_3fold, layout_basic
D:2:      layout_loops_corners, chequers_ecumenical_altar_simple_redux,
          minmay_misc_feat_ornament, chequers_serial_rivers_micro_b,
          hangedman_decor_opposing, nicolae_underground_beach
D:4:      layout_rooms, gammafunk_temple_overflow_arena,
          nicolae_wu_jian_wuxing_cycle, cheibriados_altar_1,
          dancing_weapons_uskayaw, uniq_sigmund
D:5:      layout_layer_cave, marbit_many_paths, mainiacjoe_overflow_catwalk,
          minmay_misc_feat_plants, serial_park_tiny_2, uniq_duvessa,
          uniq_menkaure

Skill      XL: |  1  2  3 |
---------------+----------+-----
Unarmed Combat | 4 5 |  5.5
Fighting       | |  1.1
Dodging        | |  2.6
Spellcasting   | |  2.0
Transmutations | |  2.6

Action                     |  1- 3 |  4- 6 || total
---------------------------+-------+-------++-------
  Melee: Unarmed           |    73 |     4 ||    77
         Headbutt          |     4 |       ||     4
         Punch             |     2 |       ||     2
   Cast: Beastly Appendage |    10 |       ||    10
         Wereblood         |     1 |       ||     1
    Use: Scroll            |     4 |       ||     4
         Potion            |     3 |       ||     3
 Armour: Robe              |    19 |       ||    19
         Skin              |    45 |     6 ||    51
  Dodge: Dodged            |    47 |     1 ||    48

Table legend: (Time is in decaauts)
 A = Elapsed time spent in this place.
 B = Non-inter-level travel time spent in this place.
 C = Inter-level travel time spent in this place.
 D = Time resting spent in this place.
 E = Time spent auto-exploring this place.
 F = Levels seen in this place.
 G = Mean time per level.
                   A        B        C        D        E       F      G
               +--------+--------+--------+--------+--------+-----+--------+
         Total |   1054 |   1043 |     11 |     82 |    732 |   4 |  263.5 |
       Dungeon |   1054 |   1043 |     11 |     82 |    732 |   4 |  263.5 |
               +--------+--------+--------+--------+--------+-----+--------+

Top non-repeatable levels by time:
     D:1: 725 daAuts
     D:2: 225 daAuts
     D:4: 91 daAuts
     D:5: 12 daAuts
